 Dungeon Crawl Stone Soup version 0.24-a0-243-g8f5f5cd (webtiles) character file.

Game seed: 4570375967754046479

1998 Gunnerkreig the Conjurer (level 9, -2/59 HPs)
             Began as an Octopode Wizard on Apr 9, 2019.
             Was a Follower of Vehumet.
             Slain by Harold
             ... wielding a +2 halberd of venom
              (25 damage)
             ... on level 7 of the Dungeon.
             The game lasted 00:26:54 (8954 turns).

Gunnerkreig the Conjurer (Octopode Wizard)          Turns: 8954, Time: 00:26:54

Health: -2/59      AC:  1    Str:  7    XL:     9   Next: 21%
Magic:  4/16       EV: 15    Int: 23    God:    Vehumet [*.....]
Gold:   234        SH:  0    Dex: 12    Spells: 8/17 levels left

rFire    . . .     SeeInvis .   F - +4 mace
rCold    . . .     Gourm    .   (no shield)
rNeg     . . .     Faith    .   a - +0 hat
rPois    +         Spirit   .   (no amulet)
rElec    .         Reflect  .   h - +2 ring of dexterity
rCorr    .         Harm     .   p - ring of poison resistance
MR       .....                  (no ring)
Stlth    ++++......             (no ring)
HPRegen  0.19/turn              (no ring)
MPRegen  0.15/turn              (no ring)
                                (no ring)
                                (no ring)

@: very slightly contaminated
A: almost no armour, stealthy swim, amphibious, 8 rings, constrict 8, camouflage
1, gelatinous body 1
a: Renounce Religion


You were on level 7 of the Dungeon.
You worshipped Vehumet.
Vehumet was aware of your devotion.
You were hungry.

You visited 1 branch of the dungeon, and saw 7 of its levels.
You also visited: Ossuary.

You collected 234 gold pieces.

Inventory:

Hand Weapons
 f - a +1 dagger of venom
 l - a +2 short sword of speed
 q - a +2 dagger of flaming
 s - a +0 trident
 F - a +4 mace (weapon)
Missiles
 e - 73 stones
 n - 36 sling bullets
 u - 4 silver tomahawks (quivered)
Armour
 a - a +0 hat (worn)
Jewellery
 h - a +2 ring of dexterity (left tentacle)
 p - a ring of poison resistance (right tentacle)
Wands
 d - a wand of polymorph (4)
 j - a wand of disintegration (9)
 y - a wand of acid (18)
 C - a wand of paralysis (6)
Scrolls
 r - 3 scrolls of remove curse
 v - 2 scrolls of teleportation
 w - 2 scrolls of fog
 A - a scroll of acquirement {unknown}
 B - a scroll of magic mapping {unknown}
 E - a scroll of torment {unknown}
Potions
 b - 2 potions of brilliance
 g - 4 potions of curing
 i - 3 potions of lignification
 k - a potion of invisibility
 m - 2 potions of ambrosia {unknown}
 o - a potion of heal wounds
 t - a potion of flight
 x - a potion of magic {unknown}
 z - a potion of haste {unknown}
 D - a potion of cancellation
Comestibles
 c - 7 rations


   Skills:
 + Level 4.5 Fighting
 + Level 4.5 Dodging
 - Level 5.0 Stealth
 + Level 4.7 Spellcasting
 + Level 6.5 Conjurations
 - Level 2.0 Summonings
   Level 1.0 Translocations
 - Level 3.1 Fire Magic
 - Level 3.1 Air Magic
 - Level 1.0 Poison Magic


You had 8 spell levels left.
You knew the following spells:

 Your Spells              Type           Power        Failure   Level  Hunger
a - Magic Dart            Conj           ####         1%          1    None
b - Conjure Flame         Conj/Fire      ####....     4%          3    ##.....
c - Mephitic Cloud        Conj/Pois/Air  ###.....     7%          3    ##.....
w - Call Imp              Summ           ###.....     6%          2    None

Your spell library contained the following spells:

 Spells                   Type           Power        Failure   Level  Hunger
 Sandblast                Erth           #.....       10%         1    None
 Blink                    Tloc           N/A          10%         2    None
 Slow                     Hex            #.......     14%         2    None


Dungeon Overview and Level Annotations

Branches:
Dungeon (7/15)             Temple (0/1) D:4

Altars:
Sif Muna
Vehumet

Annotations:
D:7 1 transporter, Harold


Innate Abilities, Weirdness & Mutations

You cannot wear most types of armour.
You are very stealthy in the water. (Stealth+)
You are amphibious.
You can wear up to eight rings at the same time.
You can use your tentacles to constrict eight enemies at once.
Your skin changes colour to match your surroundings (Stealth+).
Your rubbery body absorbs attacks. (AC +1, EV +1)


Message History

You feel slightly ill.
You struggle against the net.
You tear a large gash into the net.
Harold gestures at you while chanting. The harpoon shot hits you!
You are yanked forward by the harpoon shot.
Harold casts a spell at you.
You barely resist.
You see here a jackal corpse.
Casting: Mephitic Cloud (safe; 7% risk of failure)
Confirm with . or Enter, or press ? or * to list all spells.
Aiming: Mephitic Cloud (safe; 7% risk of failure)
Press: ? - help, Shift-Dir - straight line, f/p - Harold
Aim: Harold, wielding a +2 halberd of venom and wearing a +3 ring mail of magic resistance The ball explodes into a vile cloud!
The stinking cloud engulfs Harold but does no damage.
You hear a shout!
Harold is engulfed in noxious fumes.
Harold hits you from afar with a +2 halberd of venom!!
You die...

#. #..# #..
#..# #.##...
#......
#....### #
#....#.##.#.#
#...........#
##...#.##.#.#
#..<#@#
.......##§#
.......
#@☼....#
.......
#.##.#.#
....... #..
.. #.####.
#.# .# .© ..
..# .. ## ..#
# #..


You could see Harold.

Vanquished Creatures
  Menkaure (Ossuary)
  2 orc warriors
  A phantom (D:4)
  A sky beast (D:7)
  2 ogres
  2 centaurs
  A crocodile (D:6)
  5 wights (D:6)
  A howler monkey (D:6)
  A bullfrog zombie (D:4)
  An orc priest (D:5)
  An iguana (D:6)
  Ijyb (D:3)
  Jessica (D:2)
  Natasha (twice) (D:4)
  8 orc wizards
  4 worker ants
  A hound skeleton (D:4)
  4 mummies
  A howler monkey zombie (D:5)
  5 adders
  6 gnolls
  4 oozes
  An adder zombie (D:6)
  An adder skeleton (D:4)
  A dart slug (D:1)
  4 leopard geckos
  28 orcs
  A ball python (D:4)
  3 giant cockroaches
  3 gnoll zombies (Ossuary)
  7 goblins
  8 hobgoblins
  8 jackals
  4 quokkas
  5 bats
  7 frilled lizards
  A giant cockroach zombie (D:5)
  4 gnoll skeletons (Ossuary)
  5 goblin skeletons (Ossuary)
  3 goblin zombies (Ossuary)
  3 hobgoblin skeletons (Ossuary)
  9 hobgoblin zombies
  9 kobolds
  4 kobold skeletons (Ossuary)
  2 kobold zombies (Ossuary)
  2 leopard gecko skeletons
  5 orc skeletons (Ossuary)
  6 orc zombies (Ossuary)
  A quokka skeleton (D:6)
  A quokka zombie (D:6)
  7 rats
  2 rat skeletons (Ossuary)
  4 rat zombies (Ossuary)
205 creatures vanquished.

Vanquished Creatures (others)
  A goblin skeleton (Ossuary)
  A kobold skeleton (Ossuary)
  4 toadstools (D:1)
6 creatures vanquished.

Grand Total: 211 creatures vanquished

Notes
Turn   | Place    | Note
-------+----------+-------------------------------------------
     0 | D:1      | Gunnerkreig the Octopode Wizard began the quest for the
                  | Orb.
     0 | D:1      | Reached XP level 1. HP: 11/11 MP: 4/4
   240 | D:1      | Reached XP level 2. HP: 17/17 MP: 3/6
   537 | D:1      | Reached skill level 2 in Conjurations
   546 | D:1      | Reached XP level 3. HP: 5/21 MP: 1/7
  1027 | D:2      | Learned a level 3 spell: Conjure Flame
  1345 | D:2      | Learned a level 3 spell: Mephitic Cloud
  1346 | D:2      | Noticed Jessica
  1401 | D:2      | Killed Jessica
  1401 | D:2      | Reached XP level 4. HP: 27/27 MP: 2/8
  1915 | D:3      | Reached skill level 5 in Stealth
  1921 | D:3      | Reached skill level 3 in Conjurations
  2375 | D:3      | Noticed Ijyb
  2378 | D:3      | Killed Ijyb
  2378 | D:3      | Reached XP level 5. HP: 31/31 MP: 9/9
  2454 | D:3      | Reached skill level 4 in Conjurations
  2920 | D:3      | Learned a level 2 spell: Call Imp
  3041 | D:3      | Reached skill level 5 in Conjurations
  3041 | D:3      | Reached XP level 6. HP: 26/36 MP: 3/10
  3169 | D:4      | Found a staircase to the Ecumenical Temple.
  3232 | D:4      | Noticed Natasha
  3239 | D:4      | Killed Natasha
  3360 | D:4      | Found a sand-covered staircase.
  3381 | Ossuary  | Entered an ossuary
  4101 | Ossuary  | Reached skill level 1 in Poison Magic
  4188 | Ossuary  | Reached skill level 1 in Fighting
  4188 | Ossuary  | Reached skill level 1 in Air Magic
  4205 | Ossuary  | Noticed Menkaure
  4252 | Ossuary  | Killed Menkaure
  4252 | Ossuary  | Reached skill level 1 in Fire Magic
  4252 | Ossuary  | Reached XP level 7. HP: 29/43 MP: 1/11
  5850 | D:4      | Noticed Natasha
  5858 | D:4      | Killed Natasha
  5909 | D:4      | Found a radiant altar of Vehumet.
  5914 | D:4      | Became a worshipper of Vehumet
  5973 | D:5      | Entered Level 5 of the Dungeon
  5987 | D:5      | Reached XP level 8. HP: 34/51 MP: 0/12
  7063 | D:5      | Found a deep blue altar of Sif Muna.
  7445 | D:6      | Reached * piety under Vehumet
  7445 | D:6      | Offered knowledge of Sandblast by Vehumet.
  7668 | D:6      | Reached skill level 6 in Conjurations
  8252 | D:6      | Reached XP level 9. HP: 58/58 MP: 4/15
  8933 | D:7      | Found a transporter.
  8947 | D:7      | Noticed Harold
  8954 | D:7      | Slain by Harold

Levels and vault maps discovered:
D:1:      ldierk_water_garden, layout_rooms, glass_columns_b,
          ebering_dispersal_statue_hall, minmay_3d_cube
D:2:      layout_rooms, first_ration, uniq_jessica
D:3:      layout_rooms, uniq_ijyb
D:4:      layout_loops_corners, marbit_many_paths, minmay_temple_entry_wispy,
          nicolae_ossuary_entry_giza, uniq_natasha
D:5:      layout_basic, kennysheep_mini
D:6:      layout_loops_corners
D:7:      layout_basic, overflow_temple_1_default, gammafunk_ghost_hive,
          the_bakery, nicolae_dithmenos_through_a_glass_darkly, uniq_harold,
          uniq_menkaure, uniq_joseph, uniq_duvessa
Ossuary:  ossuary_due_pyramid

Skill      XL: |  1  2  3  4  5  6  7  8 |
---------------+-------------------------+-----
Stealth        | 3 4 5 |  5.0
Conjurations   | 2 3 5 6 |  6.5
Poison Magic   | 1 |  1.0
Fighting       | 1 2 4 |  4.5
Air Magic      | 1 3 |  3.1
Summonings     | 2 |  2.0
Fire Magic     | 1 3 |  3.1
Dodging        | 4 |  4.5
Spellcasting   | 4 |  4.7
Translocations | |  1.0

Action                   |  1- 3 |  4- 6 |  7- 9 || total
-------------------------+-------+-------+-------++-------
Melee: Dagger            |    30 |    19 |       ||    49
       Constrict         |    10 |    37 |    33 ||    80
       Tentacles         |     3 |    24 |    19 ||    46
       Short sword       |       |    95 |   141 ||   236
       Trident           |       |    19 |    62 ||    81
       Mace              |       |       |    12 ||    12
Throw: Stone             |     3 |     6 |     8 ||    17
       Tomahawk          |       |       |     4 ||     4
 Cast: Magic Dart        |    53 |   130 |   122 ||   305
       Mephitic Cloud    |       |     3 |    10 ||    13
       Conjure Flame     |       |    11 |    16 ||    27
Evoke: Wand              |       |     3 |     2 ||     5
  Use: Scroll            |       |     8 |     7 ||    15
       Potion            |       |     5 |       ||     5
 Stab: Sleeping          |     1 |       |     3 ||     4
       Confused          |       |     1 |     4 ||     5
       Distracted        |       |     1 |       ||     1
  Eat: Chunk             |     1 |     7 |     9 ||    17
       Ration            |       |     1 |     2 ||     3
Armor: Skin              |     3 |     2 |     3 ||     8
Dodge: Dodged            |    21 |    42 |    68 ||   131

Table legend:
 A = Non-vault XP
 B = Vault XP
 C = Vault XP percentage of total XP
 D = Non-vault monster count
 E = Vault monster count
 F = Vault count percentage of total count
                 A         B        C        D         E       F
            +---------+---------+-------+---------+---------+-------
      Total |    2457 |     398 |  13.9 |     144 |      50 |  25.8
            +---------+---------+-------+---------+---------+-------
        D:1 |      35 |       4 |  10.3 |      18 |       3 |  14.3
        D:2 |      40 |      37 |  48.1 |      20 |       1 |   4.8
        D:3 |     196 |      38 |  16.2 |      34 |       1 |   2.9
        D:4 |     481 |      56 |  10.4 |      20 |       4 |  16.7
        D:5 |     556 |       0 |   0.0 |      22 |       0 |   0.0
        D:6 |    1019 |       0 |   0.0 |      26 |       0 |   0.0
        D:7 |     130 |       0 |   0.0 |       4 |       0 |   0.0
    Ossuary |       0 |     263 | 100.0 |       0 |      41 | 100.0
            +---------+---------+-------+---------+---------+-------
